 Dungeon Crawl Stone Soup version 0.29.1-15-g9cfb28693d (webtiles) character file.

Game seed: 11286941622537164321

277 protoss039 the Digger (level 6, 45/46 HPs)
             Began as a Demonspawn Earth Elementalist on Mar 25, 2023.
             Got out of the dungeon alive.
             The game lasted 00:05:39 (4441 turns).

protoss039 the Digger (DsEE)                        Turns: 4441, Time: 00:05:39

Health: 45/46      AC:  8    Str:  8    XL:     6   Next: 4%
Magic:  11/11      EV: 10    Int: 18    God:
Gold:   165        SH:  0    Dex: 14    Spells: 5/11 levels left

rFire   . . .      SeeInvis .   r - +2 dagger (freeze)
rCold   . . .      Faith    .   (no shield)
rNeg    . . .      Spirit   .   o - +0 ring mail
rPois   .          Reflect  .   (helmet restricted)
rElec   .          Harm     .   (no cloak)
rCorr   .          Rampage  .   u - +0 pair of gloves
Will    .....                   (no boots)
Stlth   +.........              (no amulet)
HPRegen 0.15/turn               (no ring)
MPRegen 0.12/turn               (no ring)

@: no status effects
A: horns 1, thin metallic scales 1, ignite blood 2
a: no special abilities


You escaped.
You visited 1 branch of the dungeon, and saw 4 of its levels.

You collected 165 gold pieces.

Inventory:

Hand Weapons
 r - a +2 dagger of freezing (weapon)
Armour
 o - a +0 ring mail (worn)
 u - a +0 pair of gloves (worn)
 w - a +0 kite shield
Scrolls
 b - a scroll of fear
 c - 2 scrolls of summoning {unknown}
 e - a scroll of identify
 j - a scroll of magic mapping {unknown}
 k - a scroll of teleportation {unknown}
 l - a scroll of poison
 n - a scroll of immolation {unknown}
 q - a scroll of vulnerability {unknown}
Potions
 a - a potion of cancellation {unknown}
 d - 3 potions of mutation
 f - 2 potions of resistance
 g - a potion of heal wounds {unknown}
 h - 2 potions of haste {unknown}
 i - a potion of invisibility {unknown}
 m - a potion of lignification {unknown}
 p - a potion of might {unknown}
 s - a potion of brilliance {unknown}
 t - 3 potions of curing {unknown}
 v - a potion of degeneration {unknown}


   Skills:
 + Level 2.6 Fighting
 + Level 1.7 Armour
 - Level 1.7 Dodging
 - Level 1.7 Stealth
 + Level 3.3 Spellcasting
 + Level 2.0 Conjurations
 - Level 0.8 Transmutations
 + Level 3.7 Earth Magic


You had 5 spell levels left.
You knew the following spells:

 Your Spells              Type           Power      Damage    Failure   Level
a - Sandblast             Erth           32%        2d9       10%         1
b - Passwall              Tmut/Erth      9%         N/A       28%         2
c - Stone Arrow           Conj/Erth      26%        3d8       41%         3

Your spell library contained the following spells:

 Spells                   Type           Power      Damage    Failure   Level
 Freeze                   Ice            12%        1d4       43%         1
 Blink                    Tloc           6%         N/A       56%         2
 Scorch                   Fire           6%         2d5       56%         2
 Frozen Ramparts          Ice            6%         1d1       80%         3
 Lesser Beckoning         Tloc           3%         N/A       80%         3
 Tukima's Dance           Hex            3%         N/A       80%         3
 Petrify                  Tmut/Erth      11%        N/A       88%         4
 Flame Wave               Conj/Fire      6%         2d5       97%         4
 Hailstorm                Conj/Ice       6%         3d4       97%         4
 Manifold Assault         Tloc           3%         N/A       100%        5
 Yara's Violent Unravell  Hex/Tmut       2%         3d3       100%        5
 Summon Cactus Giant      Summ           1%         N/A       100%        6
 Maxwell's Capacitive Co  Air            1%         ∞         100%        8


Dungeon Overview and Level Annotations

Branches:
Dungeon (4/15) Zot: 19484
 Temple: D:4-7

Altars:


Innate Abilities, Weirdness & Mutations

You have a pair of small horns on your head.
You are partially covered in thin metallic scales. (AC +2)
Your demonic aura often causes spilled blood to erupt in flames.


Message History

Press: ? - help, Shift-Dir - straight line, f/p - black bear
Aim: a black bear (moderately wounded, 87% to hit)
The blast of sand hits the black bear.
The black bear is heavily wounded.
Unknown command.
Casting: Sandblast (safe; 11% risk of failure)
Confirm with . or Enter, or press ? or * to list all spells.
Aiming: Sandblast (safe; 11% risk of failure)
Press: ? - help, Shift-Dir - straight line, f/p - black bear
Aim: a black bear (heavily wounded, 87% to hit)
The blast of sand hits the black bear.
The black bear is severely wounded.
Unknown command.
Casting: Sandblast (safe; 11% risk of failure)
Confirm with . or Enter, or press ? or * to list all spells.
Aiming: Sandblast (safe; 11% risk of failure)
Press: ? - help, Shift-Dir - straight line, f/p - black bear
Aim: a black bear (severely wounded, 87% to hit)
The blast of sand hits the black bear!
You kill the black bear!
Your Conjurations skill increases to level 2!
You have reached level 6!
Your demonic ancestry asserts itself...
A pair of horns grows on your head!
(D) Dungeon
Where to? (Enter - D:3 @ (x,y), ? - help)
What level of the Dungeon? (default 1, ? - help)
You see here a +0 dagger.
There is an open door here.
There is a stone staircase leading up here.
You climb upwards.
There is a stone staircase leading down here.
There is a stone staircase leading up here.
You climb upwards.
There is a stone staircase leading down here.
Magic restored.
There is an escape hatch in the floor here.
There is a staircase leading out of the dungeon here.
Are you sure you want to leave the Dungeon?
This will make you lose the game!
You have escaped!

....# #......# #..#
....# ##.###### ##.#
###.##### ##..## #..
........# ###....##
###. ........#
##.......##
#######... ........#
#.........#
#......... #########
#..⌠...⌠..#
#.........
#....>....#
#.........
#....@....#
#.........
#.........#
#.........
#....∩....#
#.........
##.......##
#.......## #......##
#.......#
#############.######
#.......#
...........†..#
#.......#
.........######
#.......# .........#
##.....##


There were no monsters in sight!

Vanquished Creatures
  A black bear (D:3)
  An orc priest (D:4)
  5 adders
  3 worms (D:3)
  4 dart slugs
  5 orcs
  9 ball pythons
  7 bats
  10 endoplasms
  3 giant cockroaches (D:1)
  8 hobgoblins
  4 jackals (D:1)
  8 kobolds
  4 quokkas
  12 frilled lizards
  7 goblins
  4 rats
95 creatures vanquished.

Notes
Turn   | Place    | Note
-------+----------+-------------------------------------------
     0 | D:1      | protoss039 the Demonspawn Earth Elementalist began the
                  | quest for the Orb.
     0 | D:1      | Reached XP level 1. HP: 13/13 MP: 3/3
   186 | D:1      | Gained mutation: Your demonic aura sometimes causes spilled
                  | blood to erupt in flames. [demonic ancestry]
   186 | D:1      | Reached XP level 2. HP: 20/20 MP: 3/5
   290 | D:1      | Reached skill level 1 in Fighting
   721 | D:1      | Gained mutation: Your demonic aura often causes spilled
                  | blood to erupt in flames. [demonic ancestry]
   721 | D:1      | Reached XP level 3. HP: 20/26 MP: 6/6
  1435 | D:1      | Learned a level 2 spell: Passwall
  1439 | D:1      | Learned a level 3 spell: Stone Arrow
  1700 | D:2      | Gained mutation: You are partially covered in thin metallic
                  | scales. (AC +2) [demonic ancestry]
  1700 | D:2      | Reached XP level 4. HP: 33/33 MP: 3/8
  2636 | D:3      | Reached skill level 1 in Conjurations
  2948 | D:3      | Reached skill level 1 in Armour
  3325 | D:3      | Got the Grimoire of Ensnaring Gusts
  3338 | D:3      | Found a faded altar of an unknown god.
  3442 | D:3      | Reached XP level 5. HP: 38/38 MP: 6/9
  3819 | D:4      | Noticed a black bear
  4376 | D:3      | Killed a black bear
  4377 | D:3      | Gained mutation: You have a pair of small horns on your
                  | head. [demonic ancestry]
  4377 | D:3      | Reached XP level 6. HP: 36/46 MP: 5/11
  4441 | D:$      | Got out of the dungeon alive.

Illustrated notes

Levels and vault maps discovered:
D:1:      wander_arrival_desolate, layout_basic
D:2:      wad_river_or_something, layout_basic
D:3:      layout_loops_corners, chequers_ecumenical_altar_lobes,
          chequers_mini_garden
D:4:      layout_rooms, kennysheep_generic_room_16, uniq_ijyb

Skill      XL: |  1  2  3  4  5 |
---------------+----------------+-----
Fighting       | 1 2 |  2.6
Earth Magic    | 3 |  3.7
Conjurations   | 1 2 |  2.0
Spellcasting   | 3 |  3.3
Armour         | 1 |  1.7
Dodging        | |  1.7
Stealth        | |  1.7
Transmutations | |  0.8

Action                   |  1- 3 |  4- 6 || total
-------------------------+-------+-------++-------
Melee: Unarmed           |     6 |       ||     6
       Short sword       |    18 |       ||    18
       Dagger            |       |    16 ||    16
 Cast: Sandblast         |    61 |    74 ||   135
  Use: Potion            |     1 |     1 ||     2
       Scroll            |       |     5 ||     5
Armor: Robe              |    20 |       ||    20
       Ring mail         |       |    19 ||    19
Dodge: Dodged            |    57 |    15 ||    72
